 Dungeon Crawl Stone Soup version 0.31.0-32-g396128a36d (webtiles) character file.

Game seed: 12839746373640622324

41 tizbic2 the Gusty (level 3, 0/26 HPs)
             Began as a Draconian Air Elementalist on Mar 19, 2024.
             Slain by Crazy Yiuf
             ... wielding a +2 quarterstaff of chaos
              (8 damage)
             ... on level 2 of the Dungeon.
             The game lasted 00:05:53 (1163 turns).

tizbic2 the Gusty (Draconian Air Elementalist)      Turns: 1163, Time: 00:05:53

Health: 0/26       AC:  5    Str: 10    XL:     3   Next: 32%
Magic:  4/7        EV: 12    Int: 17    God:
Gold:   143        SH:  0    Dex: 11    Spells: 4/7 levels left

rFire   . . .        w - +0 sling
rCold   . . .        (no shield)
rNeg    . . .        (body armour unavailable)
rPois   .            (helmet restricted)
rElec   .            (no cloak)
rCorr   .            (no gloves)
SInv    .            (no boots)
Will    .....        (no amulet)
Stlth   ++           (no ring)
HPRegen 0.24/turn    (no ring)
MPRegen 0.10/turn

%: no passive effects
@: no status effects
A: AC +5, unfitting armour, cold-blooded
a: no special abilities


You were on level 2 of the Dungeon.
You visited 1 branch of the dungeon, and saw 2 of its levels.

You collected 143 gold pieces.

Inventory:

Hand Weapons
 a - a +0 rapier
 w - a +0 sling (weapon)
Missiles
 h - 6 boomerangs
Scrolls
 b - a scroll of poison {unknown}
 d - a scroll of immolation {unknown}
 e - a scroll of identify {unknown}
 f - a scroll of revelation {unknown}
 k - a scroll of torment {unknown}
Potions
 c - a potion of curing {unknown}
 g - a potion of mutation {unknown}
 i - a potion of invisibility {unknown}
 j - a potion of magic


   Skills:
 - Level 1.8 Dodging
 - Level 1.8 Stealth
 * Level 2.8 Spellcasting
 + Level 1.7 Conjurations
 + Level 3.3 Air Magic


You had 4 spell levels left.
You knew the following spells:

 Your Spells              Type           Power      Damage    Failure   Level
a - Shock                 Conj/Air       44%        1d5       6%          1
b - Static Discharge      Conj/Air       22%        3-4/arc   10%         2

Your spell library contained the following spells:

 Spells                   Type           Power      Damage    Failure   Level
 Swiftness                Air            13%        N/A       14%         3
 Airstrike                Air            6%         2d(1-17)  41%         4


Dungeon Overview and Level Annotations

Branches:
Dungeon (2/15)

Altars:

Annotations:
D:2 Crazy Yiuf


Innate Abilities, Weirdness & Mutations

Your plain brown scales are hard. (AC +5)
You cannot fit into any form of body armour.
You are cold-blooded and may be slowed by cold attacks.


Message History

Found an escape hatch in the floor.
There is an escape hatch in the floor here.
Found a stone staircase leading down.
You start memorising the spell.
You continue memorising. x2
You finish memorising.
Spell assigned to 'b'.
Found a hammer.
Found a runed translucent door.
You open the door.
Crazy Yiuf waves his quarterstaff at you.
Crazy Yiuf hits you with a +2 quarterstaff of chaos!
Crazy Yiuf freezes you.
There is an open translucent door here.
Casting: Shock (safe; 6% risk of failure)
Confirm with . or Enter, or press ? or * to list all spells.
Aiming: Shock (safe; 6% risk of failure)
Press: ? - help, Shift-Dir - straight line The zap misses Crazy Yiuf.
The zap hits Crazy Yiuf.
Crazy Yiuf is lightly wounded.
Crazy Yiuf hits you with a +2 quarterstaff of chaos.
* * * LOW HITPOINT WARNING * * *
Unknown command.
Casting: Shock (safe; 6% risk of failure)
Confirm with . or Enter, or press ? or * to list all spells.
Aiming: Shock (safe; 6% risk of failure)
Press: ? - help, Shift-Dir - straight line The zap hits Crazy Yiuf.
Crazy Yiuf is moderately wounded.
The zap hits Crazy Yiuf.
Crazy Yiuf is heavily wounded.
Crazy Yiuf closely misses you.
Casting: Shock (safe; 6% risk of failure)
Confirm with . or Enter, or press ? or * to list all spells.
Aiming: Shock (safe; 6% risk of failure)
Press: ? - help, Shift-Dir - straight line The zap hits Crazy Yiuf.
Crazy Yiuf is heavily wounded.
The zap hits Crazy Yiuf.
Crazy Yiuf is severely wounded.
Crazy Yiuf whimpers, "Lay!"
Crazy Yiuf hits you with a +2 quarterstaff of chaos!
You die...

#.#
#....#
#.#
#P..P#
#.#
##...#
#.# ##.##
#.# ##.#
#.# #.##
#.# ##.#
#.# #.##
#.# #@#
#.# #.g.#
#.####
#...#
#....#
#)..#
####.#.#
#####
#.#.#
#.#.#####
#.#.#...
#.#>..###


You could see Crazy Yiuf.

Vanquished Creatures
  An adder (D:2)
  A dart slug (D:1)
  2 bats
  6 giant cockroaches (D:1)
  A goblin (D:1)
  7 hobgoblins (D:1)
  2 kobolds
  A ball python (D:1)
  A frilled lizard (D:1)
  3 rats (D:1)
25 creatures vanquished.

Notes
Turn   | Place    | Note
-------+----------+-------------------------------------------
     0 | D:1      | tizbic2 the Draconian Air Elementalist began the quest for
                  | the Orb.
     0 | D:1      | Reached XP level 1. HP: 14/14 MP: 3/3
   248 | D:1      | Reached XP level 2. HP: 14/20 MP: 3/5
   560 | D:1      | Found a faded altar of an unknown god.
   642 | D:1      | Reached XP level 3. HP: 26/26 MP: 6/6
  1118 | D:2      | Learned a level 2 spell: Static Discharge
  1155 | D:2      | Found a runed translucent door.
  1156 | D:2      | Noticed Crazy Yiuf
  1163 | D:2      | Slain by Crazy Yiuf

Illustrated notes

Levels and vault maps discovered:
D:1:      minmay_arrival_stair_chambers, layout_loops_ring,
          shapermc_ecumenical_altar_venn, minmay_worlds_worst_comb
D:2:      layout_basic, uniq_crazy_yiuf_cottage

Action                     || total
---------------------------++-------
  Melee: Dagger            ||     2
   Fire: Sling             ||    62
   Cast: Shock             ||    28
 Armour: Skin              ||    68
  Dodge: Dodged            ||    80
